 Dungeon Crawl Stone Soup version 0.23.2-1-ga50397a (webtiles) character file.

Game seed: 8699548474196182311

196 sankara the Ruffian (level 5, 0/40 (41) HPs)
             Began as a Ghoul Warper on May 4, 2019.
             Slain by a worker ant (4 damage)
             ... on level 5 of the Dungeon.
             The game lasted 00:26:24 (2391 turns).

sankara the Ruffian (Ghoul Warper)                  Turns: 2391, Time: 00:26:24

HP:   0/40 (41)     AC:  4    Str: 15    XL:     5   Next: 74%
MP:   3/6           EV: 11    Int:  9    God:
Gold: 111           SH:  0    Dex:  8    Spells: 3/7 levels left

rFire    . . .     SeeInvis .     - Unarmed
rCold    + . .     Gourm    .   (no shield)
rNeg     + + +     Faith    .   a - +1 leather armour
rPois    ∞         Spirit   .   (no helmet)
rElec    .         Reflect  .   p - scarf {repulsion}
rCorr    .         Harm     .   (no gloves)
MR       .....                  (no boots)
Stlth    +.........             (no amulet)
HPRegen  0.00/turn              (no ring)
MPRegen  0.10/turn              (no ring)

@: very slightly contaminated, rotting, repel missiles
A: rotting body, claws 1, carnivore, cold resistance 1, negative energy
resistance 3, inhibited regeneration, torment resistance, unbreathing
a: no special abilities


You were on level 5 of the Dungeon.
You were not hungry.

You visited 1 branch of the dungeon, and saw 5 of its levels.

You collected 111 gold pieces.

Inventory:

Hand Weapons
 b - a +0 club
   (You took it off a hobgoblin on level 1 of the Dungeon)
 e - a +0 whip
   (You found it on level 1 of the Dungeon)
 m - a +1 whip of venom
   (You found it on level 1 of the Dungeon)
 n - a +1 dagger of venom
   (You took it off an orc wizard on level 4 of the Dungeon)
Missiles
 d - 5 tomahawks of dispersal {=f}
 i - 56 stones (quivered)
Armour
 a - a +1 leather armour (worn)
 p - a scarf of repulsion (worn)
   (You found it on level 2 of the Dungeon)
Jewellery
 w - an uncursed ring of teleportation {+/*tele, !d}
   (You found it on level 4 of the Dungeon)
Scrolls
 c - a scroll of blinking {!r}
 h - 3 scrolls of identify
 r - a scroll of amnesia
Potions
 g - 2 potions of agility
 j - 2 potions of cancellation
 k - 2 potions of brilliance
 u - a potion of might
 v - 2 potions of lignification {unknown}
Comestibles
 f - 2 rations


   Skills:
 - Level 2.1 Fighting
 - Level 0.8 Throwing
 - Level 0.8 Armour
 - Level 1.7 Dodging
 * Level 6.3 Unarmed Combat
 - Level 1.7 Spellcasting
 - Level 2.6 Translocations


You had 3 spell levels left.
You knew the following spells:

 Your Spells              Type           Power        Failure   Level  Hunger
a - Blink                 Tloc           N/A          22%         2    ###....
b - Shroud of Golubria    Chrm/Tloc      #.........   36%         2    ###....

Your spell library contained the following spells:

 Spells                   Type           Power        Failure   Level  Hunger
 Gell's Gravitas          Tloc           #.........   38%         3    ####...
 Lesser Beckoning         Tloc           #.........   38%         3    ####...
 Teleport Other           Tloc           #.......     38%         3    ####...
 Passage of Golubria      Tloc           N/A          80%         4    #####..


Dungeon Overview and Level Annotations

Branches:
Dungeon (5/15)
 Temple: D:4-7

Altars:
Gozag
Sif Muna


Innate Abilities, Weirdness & Mutations

Your body is rotting away.
You thrive on raw meat.
You are immune to poison.
You have sharp fingernails.
You are carnivorous and can eat meat at any time.
Your flesh is cold resistant. (rC+)
You are immune to negative energy. (rN+++)
You do not regenerate when monsters are visible.
You are immune to unholy pain and torment.
You can survive without breathing.


Message History

You start resting.
Your magical contamination has completely faded away.
You start resting.
Magic restored.
HP restored.
You climb downwards.
The orc hits you but does no damage.
There is a stone staircase leading up here.
You scratch the orc.
The orc is severely wounded.
The orc closely misses you.
You scratch the orc.
You kill the orc!
i - 55 stones (gained 1)
i - 56 stones (gained 1)
Found a stone staircase leading up.
i - 57 stones (gained 1)
You feel your flesh rotting away.
You see here 19 arrows.
A hound comes into view.
The hound barks!
The hound pauses to sniff the ground.
Throwing (i - inventory. (/) - cycle)
i - 57 stones (quivered)
Press: ? - help, Shift-Dir - straight line, f - hound
Aim: a hound You throw a stone.
The stone hits the hound but does no damage.
You barely miss the hound. The hound bites you.
A worker ant comes into view.
You closely miss the hound. The hound barely misses you.
You claw the hound!
The hound is heavily wounded.
The hound closely misses you. The hound barely misses you.
You scratch the hound.
The hound is severely wounded.
The hound bites you.
You closely miss the hound.
The hound is severely wounded.
The hound misses you.
You scratch the hound but do no damage.
The hound is severely wounded.
The hound bites you. The hound closely misses you.
You are too injured to fight recklessly!
Casting: Shroud of Golubria (safe; 36% risk of failure)
Confirm with . or Enter, or press ? or * to list all spells.
You miscast Shroud of Golubria.
You are very lightly contaminated with residual magic.
Nothing appears to happen.
The hound bites you but does no damage.
Casting: Shroud of Golubria (safe; 36% risk of failure)
Confirm with . or Enter, or press ? or * to list all spells.
Space distorts slightly along a thin shroud covering your body.
The hound misses you. The hound barely misses you.
You are too injured to fight recklessly!
You are too injured to fight recklessly!
You closely miss the hound.
The hound is severely wounded.
Your shroud bends the hound's attack away.
You scratch the hound but do no damage.
The hound is severely wounded.
The hound bites you.
You scratch the hound but do no damage.
The hound is severely wounded.
The hound closely misses you. The hound barely misses you.
You closely miss the hound.
The hound is severely wounded.
The hound bites you.
Your shroud falls apart!
You claw the hound!
You kill the hound!
Wield which item (- for none, * to show all)? (? for menu, Esc to quit)
Okay, then.
Unknown command.
Okay, then.
Unknown command.
Your leather armour prevents you from hitting the worker ant.
The worker ant closely misses you.
You scratch the worker ant.
The worker ant is moderately wounded.
The worker ant bites you but does no damage.
You scratch the worker ant.
The worker ant is severely wounded.
The worker ant bites you.
You scratch the worker ant but do no damage.
The worker ant is severely wounded.
The worker ant closely misses you.
You barely miss the worker ant.
The worker ant is severely wounded.
The worker ant closely misses you.
You scratch the worker ant but do no damage.
The worker ant is severely wounded.
The worker ant bites you.
* * * LOW HITPOINT WARNING * * *
Unknown command.
You barely miss the worker ant.
The worker ant is severely wounded.
The worker ant bites you!
* * * LOW HITPOINT WARNING * * *
You scratch the worker ant but do no damage.
The worker ant is severely wounded.
The worker ant bites you.
You die...

.... ..### #..
.... #.###.##
#.##(..##
#.#(...?#
#.#....## ##
#.#a#.## . #.#@###
#.#####.#.#
#.#.....#.#####..#
#...............<.
#.)<#####.#######.
#...# #.# #...#
#.# #...# #.#
..... ...


You could see a worker ant.

Vanquished Creatures
  An orc wizard (D:4)
  A hound (D:5)
  Jessica (D:2)
  4 adders
  An ooze (D:4)
  2 worms
  3 dart slugs
  A leopard gecko (D:1)
  3 orcs
  2 giant cockroaches
  5 goblins
  7 hobgoblins
  3 jackals (D:2)
  A quokka (D:3)
  8 bats
  4 frilled lizards
  5 kobolds
  9 rats
61 creatures vanquished.

Notes
Turn   | Place    | Note
-------+----------+-------------------------------------------
     0 | D:1      | sankara the Ghoul Warper began the quest for the Orb.
     0 | D:1      | Reached XP level 1. HP: 17/17 MP: 2/2
   164 | D:1      | Reached XP level 2. HP: 24/24 MP: 3/3
   175 | D:1      | Reached skill level 3 in Unarmed Combat
   182 | D:1      | Learned a level 2 spell: Blink
   187 | D:1      | Learned a level 2 spell: Shroud of Golubria
   682 | D:1      | Found an opulent altar of Gozag.
   869 | D:2      | Reached XP level 3. HP: 23/29 MP: 4/4
  1120 | D:2      | Reached skill level 4 in Unarmed Combat
  1182 | D:2      | Noticed Jessica
  1205 | D:2      | Killed Jessica
  1205 | D:2      | Reached XP level 4. HP: 35/36 MP: 5/5
  1293 | D:2      | Reached skill level 5 in Unarmed Combat
  1683 | D:3      | Found a deep blue altar of Sif Muna.
  1864 | D:3      | Reached XP level 5. HP: 41/41 MP: 6/6
  2237 | D:5      | Entered Level 5 of the Dungeon
  2270 | D:4      | Reached skill level 6 in Unarmed Combat
  2390 | D:5      | HP: 4/40 [worker ant (7)]
  2391 | D:5      | Slain by a worker ant

Skill      XL: |  1  2  3  4  5 |
---------------+----------------+-----
Unarmed Combat | 3 4 5 6 |  6.3
Fighting       | |  2.1
Throwing       | |  0.8
Armour         | |  0.8
Dodging        | |  1.7
Spellcasting   | |  1.7
Translocations | |  2.6

Action                   |  1- 3 |  4- 6 || total
-------------------------+-------+-------++-------
Melee: Unarmed           |    97 |   108 ||   205
Throw: Stone             |     5 |     6 ||    11
 Cast: Shroud of Golubri |       |     2 ||     2
  Use: Scroll            |     4 |     7 ||    11
  Eat: Chunk             |    15 |    23 ||    38
Armor: Leather armour    |    38 |    23 ||    61
Dodge: Dodged            |    63 |    70 ||   133
       Deflected         |     1 |       ||     1

Levels and vault maps discovered:
D:1:      dpeg_arrival_water_altar, layout_rooms, minmay_heptomino_h4
D:2:      layout_basic, first_ration, uniq_jessica
D:3:      layout_basic, nicolae_overflow_crystal_walls
D:4:      layout_basic
D:5:      layout_loops_ring, serial_shops, shop

Table legend:
 A = Turns spent in this place as a percentage of turns spent in the entire game.
 B = Non-inter-level travel turns spent in this place as a percentage of non-inter-level travel turns spent in the entire game.
 C = Inter-level travel turns spent in this place as a percentage of turns spent in this place.
 D = Turns resting spent in this place as a percentage of non-inter-level travel turns spent in this place.
 E = Turns spent auto-exploring this place as a percentage of non-inter-level travel turns spent in this place.
 F = Non-inter-level travel turns spent in this place divided by the number of levels of this place that you've seen.
                   A       B       C       D       E      F
               +-------+-------+-------+-------+-------+----------------------
         Total | 100.0 | 100.0 |   7.1 |  19.1 |  54.5 | 444.4
       Dungeon | 100.0 | 100.0 |   7.1 |  19.1 |  54.5 | 444.4
               +-------+-------+-------+-------+-------+----------------------

Table legend:
 A = Kills in this place as a percentage of kills in entire the game.
 B = Kills by you in this place as a percentage of kills by you in the entire game.
 C = Kills by friends in this place as a percentage of kills by friends in the entire game.
 D = Other kills in this place as a percentage of other kills in the entire game.
 E = Experience gained in this place as a percentage of experience gained in the entire game.
 F = Experience gained in this place divided by the number of levels of this place that you have seen.
                   A       B       C       D       E      F
               +-------+-------+-------+-------+-------+----------------------
         Total | 100.0 | 100.0 |   N/A |   N/A | 100.0 |  56.0
       Dungeon | 100.0 | 100.0 |   N/A |   N/A | 100.0 |  56.0
               +-------+-------+-------+-------+-------+----------------------
